 Dungeon Crawl Stone Soup version 0.28.0-43-g3370ac3207 (webtiles) character file.

Game seed: 11672484094617643217

14 fleeber the Chopper (level 2, -1/40 HPs)
             Began as a Minotaur Berserker on Mar 16, 2022.
             Was a Follower of Trog.
             Succumbed to a kobold's poison
             ... on level 1 of the Dungeon.
             The game lasted 00:04:23 (954 turns).

fleeber the Chopper (Minotaur Berserker)             Turns: 954, Time: 00:04:24

Health: -1/40      AC:  3    Str: 21    XL:     2   Next: 31%
Magic:  1/1        EV: 11    Int:  4    God:    Trog [*.....]
Gold:   35         SH:  0    Dex:  9    Spells: 1/1 levels left

rFire   . . .      SeeInvis .   a - +0 hand axe
rCold   . . .      Faith    .   (no shield)
rNeg    . . .      Spirit   .   f - +0 leather armour
rPois   .          Reflect  .   (helmet restricted)
rElec   .          Harm     .   (no cloak)
rCorr   .          Rampage  .   (no gloves)
Will    .....                   (no boots)
Stlth   ..........              (no amulet)
HPRegen 0.13/turn               (no ring)
MPRegen 0.07/turn               (no ring)

@: berserking, lethally poisoned (-1 -> -18), very quick
A: horns 2, retaliatory headbutt
a: Renounce Religion, Berserk


You were on level 1 of the Dungeon.
You worshipped Trog.
Trog was aware of your devotion.
You visited 1 branch of the dungeon, and saw 1 of its levels.

You collected 35 gold pieces.

Inventory:

Hand Weapons
 a - a +0 hand axe (weapon)
Armour
 f - a +0 leather armour (worn)
Scrolls
 b - a scroll of fear {unknown}
 c - 2 scrolls of teleportation {unknown}
 d - a scroll of amnesia {unknown}
 e - a scroll of noise {unknown}
 g - 2 scrolls of summoning {unknown}
Potions
 h - a potion of brilliance {unknown}
 i - a potion of haste {unknown}


   Skills:
 + Level 4.0 Fighting
 * Level 4.1 Axes
 + Level 2.6 Armour
 + Level 2.2 Dodging


You had one spell level left.
You didn't know any spells.
Your spell library was empty.

Dungeon Overview and Level Annotations

Branches:
Dungeon (1/15)

Altars:


Innate Abilities, Weirdness & Mutations

You have a pair of horns on your head.
You reflexively headbutt those who attack you in melee.


Message History

c - 2 scrolls labelled KAWUSY EROAGIM (gained 1)
Found a helmet.
g - 2 scrolls labelled WOSELU VUBOODGH (gained 1)
You see here a +0 helmet.
You see here a +0 helmet.
i - a +0 helmet
Okay, then.
Welcome back, fleeber the Minotaur Berserker.
Trog says: Kill them all!
Press ? for a list of commands and other information.
You drop a +0 helmet.
You now have 35 gold pieces (gained 9).
i - a bubbling grey potion A kobold comes into view.
It is wielding a +2 short sword of venom.
The kobold shouts!
The kobold hits you with a +2 short sword of venom.
You completely miss the kobold. You headbutt the kobold.
The kobold is heavily wounded.
The kobold hits you with a +2 short sword of venom.
You are poisoned.
You miss the kobold.
The kobold is heavily wounded.
You feel very sick.
The kobold hits you with a +2 short sword of venom. x2
You are lethally poisoned!
You miss the kobold. Your headbutt misses the kobold.
The kobold is heavily wounded.
* * * LOW HITPOINT WARNING * * *
You feel very sick.
The kobold hits you with a +2 short sword of venom.
* * * LOW HITPOINT WARNING * * *
You are more poisoned.
A red film seems to cover your vision as you go berserk!
You feel yourself moving faster!
You feel mighty!
* * * LOW HITPOINT WARNING * * *
You feel very sick. The kobold barely misses you.
You barely miss the kobold.
The kobold is heavily wounded.
You die...

###.#
#.####..###..........
#.#
#.##........##...####
##.#####
#.##.#..#####.....#
#......# #.#.#...#
##...## #..###.#
#..###..# ##.##
#....#.# #.## ##.#
#.# #.##.#.#
#..###.## #.#
#.##.#.# ##..#K# #+#
#.[..>.### #.#@#
#......... ######
#.[#.#### #.#
##....####. #.# #
.....>..... #.# +
##...#.###. #.# #
#..##### #.#
#..###8#####.######
##....>..........<#


You could see a kobold.

Vanquished Creatures
  3 endoplasms (D:1)
  A goblin (D:1)
  A hobgoblin (D:1)
  2 jackals (D:1)
  2 kobolds (D:1)
  A quokka (D:1)
  A bat (D:1)
  A frilled lizard (D:1)
12 creatures vanquished.

Notes
Turn   | Place    | Note
-------+----------+-------------------------------------------
     0 | D:1      | fleeber the Minotaur Berserker began the quest for the Orb.
     0 | D:1      | Reached XP level 1. HP: 19/19 MP: 0/0
   360 | D:1      | Reached XP level 2. HP: 26/27 MP: 1/1
   746 | D:1      | Found a faded altar of an unknown god.
   953 | D:1      | HP: 2/40 [poisoned by a kobold]
   954 | D:1      | Succumbed to a kobold's poison

Illustrated notes

Levels and vault maps discovered:
D:1:      lemuel_arrival_cross, layout_loops_corners, basic_ecumenical_altar

Skill      XL: |  1  2 |
---------------+-------+-----
Axes           | 4 |  4.1
Fighting       | 4 |  4.0
Armour         | |  2.6
Dodging        | |  2.2

Action                   || total
-------------------------++-------
Melee: Hand axe          ||    31
       Headbutt          ||     9
       Punch             ||     1
Invok: Berserk           ||     2
Armor: Animal skin       ||     7
Dodge: Dodged            ||    21
